 Dungeon Crawl Stone Soup version 0.26-b1-32-g5d43845318 (webtiles) character file.

Game seed: 6204037033438020790

298 sanka the Chopper (level 6, 0/52 HPs)
             Began as a Ghoul Delver on Jan 9, 2021.
             Slain by Crazy Yiuf
             ... wielding a +4 quarterstaff of chaos
              (4 damage)
             ... on level 3 of the Dungeon.
             The game lasted 00:06:49 (4880 turns).

sanka the Chopper (Ghoul Delver)                    Turns: 4880, Time: 00:06:49

Health: 0/52       AC: 12    Str: 18    XL:     6   Next: 35%
Magic:  5/5        EV:  7    Int:  5    God:
Gold:   302        SH:  0    Dex: 10    Spells: 5/5 levels left

rFire    . . .     SeeInvis .   a - +0 hand axe
rCold    + . .     Faith    .   (no shield)
rNeg     + + +     Spirit   .   E - +0 chain mail
rPois    ∞         Reflect  .   (no helmet)
rElec    .         Harm     .   (no cloak)
rCorr    .         Rampage  .   (no gloves)
Will     .....                  (no boots)
Stlth    ..........             i - amulet of the acrobat
HPRegen  0.00/turn              (no ring)
MPRegen  0.09/turn              h - +4 ring of protection

@: very slightly contaminated, invisible
A: claws 1, cold resistance 1, negative energy resistance 3, inhibited
regeneration, torment resistance, unbreathing
a: no special abilities


You were on level 3 of the Dungeon.
You visited 2 branches of the dungeon, and saw 6 of its levels.

You collected 302 gold pieces.


Innate Abilities, Weirdness & Mutations

You thrive by killing the living.
You are immune to poison.
You have sharp fingernails.
Your flesh is cold resistant. (rC+)
You are immune to negative energy. (rN+++)
You do not regenerate when monsters are visible.
You are immune to unholy pain and torment.
You can survive without breathing.


   Skills:
 - Level 4.0 Fighting
 + Level 5.6 Axes
 - Level 1.7 Dodging
 - Level 5.4 Stealth


You had 5 spell levels left.
You didn't know any spells.
Your spell library was empty.

Inventory:

Hand Weapons
 a - a +0 hand axe (weapon)
 u - a +2 dagger of venom
Missiles
 p - 8 javelins (quivered)
Armour
 E - a +0 chain mail (worn)
Jewellery
 h - a +4 ring of protection (right claw)
 i - an amulet of the acrobat (around neck)
Wands
 g - a wand of digging (3)
 v - a wand of enslavement (10)
Scrolls
 c - a scroll of fog
 d - 6 scrolls of magic mapping
 e - a scroll of fear
 l - 7 scrolls of identify {unknown}
 n - 2 scrolls of teleportation {unknown}
 o - 2 scrolls of enchant armour {unknown}
 s - a scroll of noise {unknown}
 t - a scroll of immolation {unknown}
 y - 2 scrolls of remove curse {unknown}
 B - a scroll of enchant weapon {unknown}
 C - a scroll of amnesia {unknown}
Potions
 f - a potion of haste {@q3}
 j - 3 potions of magic {unknown}
 k - 3 potions of curing {unknown}
 m - 3 potions of brilliance {unknown}
 q - 3 potions of heal wounds {unknown}
 r - a potion of degeneration {unknown}
 w - 2 potions of mutation {unknown}
 x - a potion of cancellation {unknown}
 z - a potion of attraction {unknown}
 A - 2 potions of flight {unknown}
 D - a potion of invisibility {unknown}

Dungeon Overview and Level Annotations

Branches:
Dungeon (5/15)             Temple (1/1) D:4

Altars:
Ashenzari
Cheibriados
Elyvilon
Fedhas
Gozag
Hepliaklqana
Kikubaaqudgha
Nemelex Xobeh
Okawaru
Qazlal
Ru
Sif Muna
Trog
Vehumet
Wu Jian
Xom
Yredelemnul
Zin
The Shining One

Annotations:
D:3 Crazy Yiuf
D:5 exclusion: 2 orc wizards

▒▒▒▒▒▒..▒▒.........).
▒..▒▒.▒▒▒......▒
▒..▒▒(..........
▒▒▒▒▒▒▒▒........
▒.▒.▒▒▒▒.
♣♣♣♣♣▒▒.▒.▒.... ▒▒▒
♣♣♣.♣..▒..▒.▒.▒.▒
▒...▒♣..♣........▒.▒..
▒...gn♣♣♣♣.......▒....
▒)..▒♣♣ ♣♣.▒....▒....
▒▒▒ ♣♣▒▒▒.....[.
▒▒▒▒▒.... ▒.<......
▒▒▒▒▒▒▒▒▒▒▒▒....▒▒▒▒
▒.▒▒............▒
▒<▒▒.▒..........▒
▒....▒..........▒


You could see Crazy Yiuf.


Message History

Your chain mail prevents you from hitting Crazy Yiuf.
Crazy Yiuf is almost dead.
Crazy Yiuf closely misses you.
You barely miss Crazy Yiuf.
Crazy Yiuf is almost dead.
Crazy Yiuf grits, "Cards snail sing-song!"
Crazy Yiuf hits you with a +4 quarterstaff of chaos.
You fade into invisibility!
You are very lightly contaminated with residual magic.
Your chain mail prevents you from hitting Crazy Yiuf.
Crazy Yiuf is almost dead.
Crazy Yiuf hits you with a +4 quarterstaff of chaos.
* * * LOW HITPOINT WARNING * * *
Your chain mail prevents you from hitting Crazy Yiuf.
Crazy Yiuf is almost dead.
Crazy Yiuf barely misses you.
You hit Crazy Yiuf but do no damage.
Crazy Yiuf is almost dead.
Crazy Yiuf hits you with a +4 quarterstaff of chaos.
* * * LOW HITPOINT WARNING * * *
You convulse!
* * * LOW HITPOINT WARNING * * *
You strike the helpless Crazy Yiuf from behind!
You hit Crazy Yiuf but do no damage.
Crazy Yiuf is almost dead.
Crazy Yiuf screams, "Key ragdoll sizzlefizz!"
Crazy Yiuf hits you with a +4 quarterstaff of chaos!
* * * LOW HITPOINT WARNING * * *
Crazy Yiuf burns you.
You die...

Action                   |  1- 3 |  4- 6 || total
-------------------------+-------+-------++-------
Melee: Hand axe          |    29 |   340 ||   369
 Stab: Sleeping          |       |    26 ||    26
       Invisible         |       |     1 ||     1
Armor: Leather armour    |     9 |   123 ||   132
       Chain mail        |       |     4 ||     4
Dodge: Dodged            |    17 |   208 ||   225

Levels and vault maps discovered:
D:1:      nagdon_arrival_double_spiral, layout_basic, chequers_mini_garden
D:2:      minmay_thinvault, layout_basic, nicolae_overflow_hidden_temple,
          nicolae_ru_sacrificial_ziggurat, amethyst_overflow_temple_binary,
          okawaru_trees_2, uniq_jessica
D:3:      layout_basic, lemuel_crystal_altar, lemuel_round_altar, serial_bayou,
          serial_bayou_ford_a, serial_bayou_shore_a, serial_bayou_shore_b,
          serial_bayou_lagoon_a, uniq_crazy_yiuf_cottage
D:4:      layout_basic, minmay_temple_entry_glass, minmay_misc_feat_enclosed
D:5:      layout_rooms, marbit_many_paths, uniq_blork_the_orc
Temple:   cyrus_circular_temple

Notes
Turn   | Place    | Note
-------+----------+-------------------------------------------
     0 | D:5      | sanka the Ghoul Delver began the quest for the Orb.
     0 | D:5      | Reached XP level 1. HP: 19/19 MP: 0/0
    28 | D:5      | Noticed an orc wizard
    28 | D:5      | Noticed an orc wizard
   199 | D:5      | Reached XP level 2. HP: 27/27 MP: 1/1
   200 | D:5      | Found a radiant altar of Vehumet.
   350 | D:4      | Noticed a howler monkey
   364 | D:4      | Killed a howler monkey
   365 | D:4      | Reached skill level 4 in Fighting
   365 | D:4      | Reached skill level 3 in Axes
   365 | D:4      | Reached XP level 3. HP: 18/33 MP: 2/2
   537 | D:4      | Found a staircase to the Ecumenical Temple.
   561 | D:4      | Reached XP level 4. HP: 19/40 MP: 3/3
   727 | Temple   | Entered the Ecumenical Temple
   807 | D:4      | Noticed a phantom
  1175 | D:4      | Reached skill level 4 in Axes
  1175 | D:4      | Reached XP level 5. HP: 36/46 MP: 4/4
  1725 | D:3      | Found an iron altar of Okawaru.
  1788 | D:3      | Found a runed translucent door.
  1789 | D:3      | Noticed Crazy Yiuf
  2089 | D:3      | Found a broken altar of Ashenzari.
  2314 | D:2      | Found an iron altar of Okawaru.
  2390 | D:2      | Found a sacrificial altar of Ru.
  2808 | D:2      | Noticed Jessica
  2816 | D:2      | Killed Jessica
  2817 | D:2      | Reached skill level 5 in Axes
  2959 | D:2      | Found a white marble altar of Elyvilon.
  2965 | D:2      | Found a glowing golden altar of the Shining One.
  3007 | D:2      | Reached XP level 6. HP: 52/52 MP: 5/5
  4880 | D:3      | HP: 4/52 [Crazy Yiuf/+4 quarterstaff of chaos (8)]
  4880 | D:3      | Slain by Crazy Yiuf

Vanquished Creatures
  A howler monkey (D:4)
  A bullfrog skeleton (D:4)
  Jessica (D:2)
  A worker ant (D:4)
  6 adders
  An ufetubus (D:5)
  An ooze (D:1)
  6 worms
  3 dart slugs
  5 leopard geckos
  2 orcs
  7 giant cockroaches
  11 goblins
  12 hobgoblins
  8 kobolds
  2 quokkas (D:2)
  A ball python (D:1)
  9 bats
  3 frilled lizards
  A quokka skeleton (D:4)
  8 rats
90 creatures vanquished.

Vanquished Creatures (others)
  3 plants (D:3)
  7 toadstools (D:1)
10 creatures vanquished.

Grand Total: 100 creatures vanquished

Table legend: (Time is in decaauts)
 A = Elapsed time spent in this place.
 B = Non-inter-level travel time spent in this place.
 C = Inter-level travel time spent in this place.
 D = Time resting spent in this place.
 E = Time spent auto-exploring this place.
 F = Levels seen in this place.
 G = Mean time per level.
                   A        B        C        D        E       F      G
               +--------+--------+--------+--------+--------+-----+--------+
         Total |   4979 |   4811 |    168 |    822 |   3131 |   6 |  829.8 |
       Dungeon |   4857 |   4697 |    160 |    760 |   3088 |   5 |  971.4 |
        Temple |    122 |    114 |      8 |     62 |     43 |   1 |  122.0 |
               +--------+--------+--------+--------+--------+-----+--------+

Top non-repeatable levels by time:
     D:2: 1446 daAuts
     D:1: 1180 daAuts
     D:4: 979 daAuts
     D:3: 935 daAuts
     D:5: 316 daAuts
  Temple: 122 daAuts
